| TOP OF THE 1ST |
|
University of Toronto Marlies batting - Pitching for UCLA Bruins : LHP Honor Munoz
|
|
Pitching: LHP Honor Munoz
|
|
|
Batting: SHB Jose Melendez
|
0-0: DOUBLE (Line Drive, 7LM, EV 107.5 MPH)
|
|
Batting: LHB Efrem Isaev
|
0-0: Foul Ball, location: 2F 0-1: Ball Jose Melendez is caught stealing 3rd base 2-5 1-1: Ball 2-1: Ball 3-1: Called Strike 3-2: Fly out, F8 (Flyball, 8LXD, EV 95.6 MPH)
|
|
Batting: RHB Akichika Yamano
|
0-0: Foul Ball, location: 2F 0-1: Ball 1-1: Foul Ball, location: 2F 1-2: Ball 2-2: Ball 3-2: Fly out, F8 (Flyball, 89D, EV 101.2 MPH)
|
| Top of the 1st over - 0 runs, 1 hit, 0 errors, 0 left on base; University of Toronto 0 - UCLA 0 |
| BOTTOM OF THE 1ST |
|
UCLA Bruins batting - Pitching for University of Toronto Marlies : RHP Russ Robinson
|
|
Pitching: RHP Russ Robinson
|
|
|
Batting: RHB Hidesuke Yoshida
|
0-0: Ball 1-0: Called Strike 1-1: Ball 2-1: Fly out, F8 (Flyball, 8RS, EV 91.9 MPH)
|
|
Batting: RHB Benedikt Fleischmann
|
0-0: Ball 1-0: SINGLE (Line Drive, 7S, EV 92.5 MPH)
|
|
Batting: RHB Xavier Reeves
|
0-0: Foul Ball, location: 2F 0-1: Swinging Strike 0-2: Hit by Pitch Benedikt Fleischmann to second
|
|
Batting: RHB Angel Melendez
|
0-0: Ball 1-0: Ball 2-0: Ball 3-0: Called Strike 3-1: Grounds into double play, 5-4-3 (Groundball, 56, EV 84.4 MPH)
|
| Bottom of the 1st over - 0 runs, 1 hit, 0 errors, 1 left on base; University of Toronto 0 - UCLA 0 |
| TOP OF THE 2ND |
|
University of Toronto Marlies batting - Pitching for UCLA Bruins : LHP Honor Munoz
|
|
Batting: SHB Jack Tierney
|
0-0: Ball 1-0: SOLO HOME RUN (Flyball, 9D, EV 96.9 MPH), Distance : 380 ft
|
|
Batting: RHB Logan Johnson
|
0-0: Ball 1-0: Swinging Strike 1-1: Ball 2-1: DOUBLE (Flyball, 89D, EV 100.0 MPH)
|
|
Batting: RHB Jeff McClellan
|
0-0: Ball 1-0: Ball 2-0: Ball 3-0: Called Strike 3-1: Foul Ball, location: 2F 3-2: Ground out 6-3 (Groundball, 6, EV 83.1 MPH) Logan Johnson to third
|
|
Batting: RHB Elmar Adenauer
|
0-0: SINGLE (Groundball, 4D, EV 97.5 MPH) Logan Johnson scores
|
|
Batting: RHB Alex Gonzalez
|
0-0: Ball 1-0: Grounds into double play, 4-6-3 (Groundball, 4M, EV 105.6 MPH)
|
| Top of the 2nd over - 2 runs, 3 hits, 0 errors, 0 left on base; University of Toronto 2 - UCLA 0 |
| BOTTOM OF THE 2ND |
|
UCLA Bruins batting - Pitching for University of Toronto Marlies : RHP Russ Robinson
|
|
Batting: SHB Sean Munns
|
0-0: Called Strike 0-1: Ball 1-1: Ball 2-1: Swinging Strike 2-2: Ground out 6-3 (Groundball, 6, EV 82.5 MPH)
|
|
Batting: RHB Issac Konol
|
0-0: Ball 1-0: Ground out 4-3 (Groundball, 4, EV 104.4 MPH)
|
|
Batting: RHB Juan Carrillo
|
0-0: Foul Ball, location: 2F 0-1: Ball 1-1: Fly out, F7 (Line Drive, 78S, EV 90.6 MPH)
|
| Bottom of the 2nd over - 0 runs, 0 hits, 0 errors, 0 left on base; University of Toronto 2 - UCLA 0 |
| TOP OF THE 3RD |
|
University of Toronto Marlies batting - Pitching for UCLA Bruins : LHP Honor Munoz
|
|
Batting: RHB Sergio Andrada
|
0-0: Ball 1-0: Ball 2-0: Ball 3-0: Called Strike 3-1: Base on Balls
|
|
Batting: SHB Jose Melendez
|
0-0: Ball 1-0: Called Strike 1-1: Swinging Strike 1-2: Ball 2-2: Fielders Choice at 2nd, 6-4 (Groundball, 6, EV 85.6 MPH)
|
|
Batting: LHB Efrem Isaev
|
0-0: Ball 1-0: Called Strike 1-1: SINGLE (Groundball, 3D, EV 94.4 MPH) Jose Melendez to second Runner from 2nd tries for 3rd, SAFE, throw by RF made to third
|
|
Batting: RHB Akichika Yamano
|
0-0: Called Strike Efrem Isaev is caught stealing 2nd base 2-4 0-1: Foul Ball, location: 2F 0-2: Foul Ball, location: 2F 0-2: Strikes out looking
|
| Top of the 3rd over - 0 runs, 1 hit, 0 errors, 1 left on base; University of Toronto 2 - UCLA 0 |
| BOTTOM OF THE 3RD |
|
UCLA Bruins batting - Pitching for University of Toronto Marlies : RHP Russ Robinson
|
|
Batting: LHB Mark Cummings
|
0-0: Ball 1-0: Foul Ball, location: 2F 1-1: Called Strike 1-2: Ball 2-2: DOUBLE (Line Drive, 3D, EV 106.2 MPH)
|
|
Batting: RHB Carlos Murillo
|
0-0: Called Strike 0-1: Ball 1-1: Fly out, F7 (Line Drive, 7, EV 103.1 MPH)
|
|
Batting: RHB Hidesuke Yoshida
|
0-0: SINGLE (Flyball, 78S, EV 98.8 MPH) Mark Cummings to third Runner from 3rd tries for Home, SAFE, throw by CF to home
|
|
Now in CF: Tony Cisneros
|
|
|
Batting: RHB Benedikt Fleischmann
|
0-0: Ball 1-0: Foul Ball, location: 2F 1-1: Ball 2-1: Ball 3-1: Foul Ball, location: 2F 3-2: Foul Ball, location: 2F 3-2: Foul Ball, location: 2F 3-2: Base on Balls Hidesuke Yoshida to second
|
|
Batting: RHB Xavier Reeves
|
0-0: Ball 1-0: Fly out, F7 (Flyball, 78M, EV 83.8 MPH)
|
|
Batting: RHB Angel Melendez
|
0-0: Ball 1-0: Ball 2-0: SINGLE (Groundball, 6, EV 98.1 MPH) Hidesuke Yoshida to third Benedikt Fleischmann to second Runner from 3rd tries for Home, SAFE, throw by CF to home
|
|
Batting: SHB Sean Munns
|
0-0: Called Strike 0-1: Ball 1-1: Foul Ball, location: 2F 1-2: Ball 2-2: Ball 3-2: Foul Ball, location: 2F 3-2: SINGLE (Groundball, 6MD, EV 101.2 MPH) Benedikt Fleischmann to third Angel Melendez to second Benedikt Fleischmann scores Angel Melendez to third
|
|
Batting: RHB Issac Konol
|
0-0: Fly out, F9 (Line Drive, 9LM, EV 99.4 MPH)
|
| Bottom of the 3rd over - 3 runs, 4 hits, 0 errors, 2 left on base; University of Toronto 2 - UCLA 3 |
| TOP OF THE 4TH |
|
University of Toronto Marlies batting - Pitching for UCLA Bruins : LHP Honor Munoz
|
|
Batting: SHB Jack Tierney
|
0-0: Called Strike 0-1: Ball 1-1: Called Strike 1-2: Ball 2-2: Strikes out swinging
|
|
Batting: RHB Logan Johnson
|
0-0: Called Strike 0-1: Foul Ball, location: 2F 0-2: Strikes out swinging
|
|
Batting: RHB Jeff McClellan
|
0-0: Called Strike 0-1: Ball 1-1: DOUBLE (Flyball, 8LD, EV 108.1 MPH)
|
|
Batting: RHB Elmar Adenauer
|
0-0: Called Strike 0-1: Ball 1-1: Called Strike 1-2: Ball 2-2: Foul Ball, location: 2F 2-2: Ball 3-2: Foul Ball, location: 2F 3-2: Ground out 4-3 (Groundball, 4MS, EV 83.8 MPH)
|
| Top of the 4th over - 0 runs, 1 hit, 0 errors, 1 left on base; University of Toronto 2 - UCLA 3 |
| BOTTOM OF THE 4TH |
|
UCLA Bruins batting - Pitching for University of Toronto Marlies : RHP Russ Robinson
|
|
Batting: RHB Juan Carrillo
|
0-0: Foul Ball, location: 2F 0-1: Foul Ball, location: 2F 0-2: DOUBLE (Line Drive, 78M, EV 98.1 MPH)
|
|
Batting: LHB Mark Cummings
|
0-0: Called Strike 0-1: Ball 1-1: Ball 2-1: Called Strike 2-2: Ball 3-2: Ground out 4-3 (Groundball, 4, EV 81.9 MPH) Juan Carrillo to third
|
|
Batting: RHB Carlos Murillo
|
0-0: Foul Ball, location: 2F 0-1: Ground out 6-3 (Groundball, 6, EV 83.8 MPH) Juan Carrillo scores
|
|
Batting: RHB Hidesuke Yoshida
|
0-0: Ball 1-0: Foul Ball, location: 2F 1-1: Ball 2-1: Ball 3-1: SINGLE (Groundball, 4S, EV 65.6 MPH) (infield hit)
|
|
Batting: RHB Benedikt Fleischmann
|
0-0: Ball Hidesuke Yoshida is caught stealing 2nd base 2-4
|
| Bottom of the 4th over - 1 run, 2 hits, 0 errors, 0 left on base; University of Toronto 2 - UCLA 4 |
| TOP OF THE 5TH |
|
University of Toronto Marlies batting - Pitching for UCLA Bruins : LHP Honor Munoz
|
|
Batting: RHB Alex Gonzalez
|
0-0: Fly out, F9 (Flyball, 9, EV 78.8 MPH)
|
|
Batting: RHB Sergio Andrada
|
0-0: Ball 1-0: Fly out, F7 (Flyball, 78D, EV 93.1 MPH)
|
|
Batting: LHB Tony Cisneros
|
0-0: Foul Ball, location: 2F 0-1: Called Strike 0-2: Ball 1-2: Ball 2-2: Strikes out swinging
|
| Top of the 5th over - 0 runs, 0 hits, 0 errors, 0 left on base; University of Toronto 2 - UCLA 4 |
| BOTTOM OF THE 5TH |
|
UCLA Bruins batting - Pitching for University of Toronto Marlies : RHP Russ Robinson
|
|
Batting: RHB Benedikt Fleischmann
|
0-0: Ball 1-0: SINGLE (Groundball, 6MD, EV 103.1 MPH)
|
|
Batting: RHB Xavier Reeves
|
0-0: Called Strike 0-1: Ball 1-1: Called Strike 1-2: Ball 2-2: SINGLE (Groundball, 5L, EV 103.8 MPH) (infield hit) Benedikt Fleischmann to second
|
|
Pitching: RHP Kevin Knickle
|
|
|
Batting: RHB Angel Melendez
|
0-0: Ball 1-0: SINGLE (Groundball, 34D, EV 107.5 MPH) Benedikt Fleischmann to third Xavier Reeves to second Runner from 3rd tries for Home, SAFE, throw by RF to home
|
|
Batting: SHB Sean Munns
|
0-0: Foul Ball, location: 2F 0-1: Ground out U3 (Groundball, 3S, EV 73.8 MPH) Xavier Reeves to third Angel Melendez to second
|
|
Batting: RHB Issac Konol
|
0-0: Ground out 6-3 (Groundball, 6S, EV 83.1 MPH)
|
|
Batting: RHB Juan Carrillo
|
0-0: Foul Ball, location: 2F 0-1: Ground out 5-3 (Groundball, 56, EV 101.2 MPH)
|
| Bottom of the 5th over - 1 run, 3 hits, 0 errors, 2 left on base; University of Toronto 2 - UCLA 5 |
| TOP OF THE 6TH |
|
University of Toronto Marlies batting - Pitching for UCLA Bruins : LHP Honor Munoz
|
|
Batting: LHB Efrem Isaev
|
0-0: Foul Ball, location: 2F 0-1: Ball 1-1: Fly out, F7 (Line Drive, 7S, EV 95.0 MPH)
|
|
Batting: RHB Akichika Yamano
|
0-0: SOLO HOME RUN (Line Drive, 78XD, EV 116.2 MPH), Distance : 460 ft
|
|
Batting: SHB Jack Tierney
|
0-0: Ball 1-0: Called Strike 1-1: Ground out 6-3 (Groundball, 4MS, EV 63.8 MPH)
|
|
Batting: RHB Logan Johnson
|
0-0: Ball 1-0: Called Strike 1-1: Foul Ball, location: 2F 1-2: Strikes out looking
|
| Top of the 6th over - 1 run, 1 hit, 0 errors, 0 left on base; University of Toronto 3 - UCLA 5 |
| BOTTOM OF THE 6TH |
|
UCLA Bruins batting - Pitching for University of Toronto Marlies : RHP Kevin Knickle
|
|
Batting: LHB Mark Cummings
|
0-0: Called Strike 0-1: Called Strike 0-2: Strikes out swinging
|
|
Batting: RHB Carlos Murillo
|
0-0: Ball 1-0: Called Strike 1-1: Ball 2-1: Ball 3-1: Base on Balls
|
|
Batting: RHB Hidesuke Yoshida
|
0-0: Ball 1-0: Called Strike 1-1: Ball 2-1: 2-RUN HOME RUN (Flyball, 7D, EV 96.2 MPH), Distance : 373 ft
|
|
Batting: RHB Benedikt Fleischmann
|
0-0: Ball 1-0: Ground out 6-3 (Groundball, 6, EV 82.5 MPH)
|
|
Batting: RHB Xavier Reeves
|
0-0: Called Strike 0-1: Swinging Strike 0-2: Ball 1-2: Ground out 4-3 (Groundball, 4, EV 83.8 MPH)
|
| Bottom of the 6th over - 2 runs, 1 hit, 0 errors, 0 left on base; University of Toronto 3 - UCLA 7 |
| TOP OF THE 7TH |
|
University of Toronto Marlies batting - Pitching for UCLA Bruins : LHP Honor Munoz
|
|
Pitching: RHP Mark Crawford
|
|
|
Batting: RHB Jeff McClellan
|
0-0: Foul Ball, location: 2F 0-1: Foul Ball, location: 2F 0-2: Strikes out swinging
|
|
Batting: RHB Elmar Adenauer
|
0-0: Called Strike 0-1: Ball 1-1: Swinging Strike 1-2: Ball 2-2: Strikes out swinging
|
|
Batting: RHB Alex Gonzalez
|
0-0: Ball 1-0: Swinging Strike 1-1: Foul Ball, location: 2F 1-2: Ball 2-2: Strikes out swinging
|
| Top of the 7th over - 0 runs, 0 hits, 0 errors, 0 left on base; University of Toronto 3 - UCLA 7 |
| BOTTOM OF THE 7TH |
|
UCLA Bruins batting - Pitching for University of Toronto Marlies : RHP Kevin Knickle
|
|
Batting: RHB Angel Melendez
|
0-0: Called Strike 0-1: Foul Ball, location: 2F 0-2: SINGLE (Groundball, 6, EV 106.9 MPH)
|
|
Batting: SHB Sean Munns
|
0-0: Foul Ball, location: 2F 0-1: Swinging Strike 0-2: Ball 1-2: Ball 2-2: Ball 3-2: SINGLE (Line Drive, 8LS, EV 106.9 MPH) Angel Melendez to second Angel Melendez to third
|
|
Batting: RHB Issac Konol
|
0-0: Called Strike 0-1: Ball 1-1: Fly out, F7 (Flyball, 7S, EV 74.4 MPH)
|
|
Batting: RHB Juan Carrillo
|
0-0: Ball 1-0: Foul Ball, location: 2F 1-1: Ball 2-1: Fielders Choice at 2nd, 6-4 (Groundball, 6, EV 97.5 MPH) Angel Melendez scores
|
|
Pitching: RHP Sean King
|
|
|
Batting: LHB Mark Cummings
|
0-0: Foul Ball, location: 2F 0-1: Ball 1-1: SINGLE (Groundball, 56D, EV 99.4 MPH) Juan Carrillo to second
|
|
Batting: RHB Carlos Murillo
|
0-0: Called Strike 0-1: Ball 1-1: Fly out, F6 (Line Drive, 6M, EV 70.6 MPH)
|
| Bottom of the 7th over - 1 run, 3 hits, 0 errors, 2 left on base; University of Toronto 3 - UCLA 8 |
| TOP OF THE 8TH |
|
University of Toronto Marlies batting - Pitching for UCLA Bruins : RHP Mark Crawford
|
|
Batting: SHB Shannon Britten
|
0-0: Called Strike 0-1: Called Strike 0-2: Ball 1-2: Ground out 6-3 (Groundball, 6, EV 101.2 MPH)
|
|
Batting: LHB Tony Cisneros
|
0-0: DOUBLE (Line Drive, 9LM, EV 110.6 MPH)
|
|
Pitching: RHP Alex Rosales
|
|
|
Batting: LHB Efrem Isaev
|
0-0: Foul Ball, location: 2F 0-1: Ball 1-1: Ground out 4-3 (Groundball, 4D, EV 82.5 MPH) Tony Cisneros to third
|
|
Batting: RHB Akichika Yamano
|
0-0: Foul Ball, location: 2F 0-1: Ball 1-1: Ball 2-1: Swinging Strike 2-2: Ground out 6-3 (Groundball, 56, EV 106.2 MPH)
|
| Top of the 8th over - 0 runs, 1 hit, 0 errors, 1 left on base; University of Toronto 3 - UCLA 8 |
| BOTTOM OF THE 8TH |
|
UCLA Bruins batting - Pitching for University of Toronto Marlies : RHP Sean King
|
|
Batting: RHB Hidesuke Yoshida
|
0-0: Ball 1-0: Called Strike 1-1: Foul Ball, location: 2F 1-2: Ball 2-2: SINGLE (Groundball, 25, EV 67.5 MPH) (infield hit)
|
|
Batting: RHB Benedikt Fleischmann
|
0-0: Ball 1-0: Called Strike 1-1: Ball 2-1: Ball 3-1: Base on Balls Hidesuke Yoshida to second
|
|
Batting: RHB Xavier Reeves
|
0-0: Called Strike 0-1: Ball 1-1: Ball 2-1: Ball 3-1: Foul Ball, location: 2F 3-2: Base on Balls Hidesuke Yoshida to third Benedikt Fleischmann to second
|
|
Batting: RHB Angel Melendez
|
0-0: Ball 1-0: Fielders Choice at 2nd, 3-6 (Groundball, 34, EV 96.9 MPH) Hidesuke Yoshida scores Benedikt Fleischmann to third
|
|
Batting: SHB Sean Munns
|
0-0: Foul Ball, location: 2F 0-1: Foul Ball, location: 2F 0-2: Foul Ball, location: 2F 0-2: Ball 1-2: Foul Ball, location: 2F 1-2: Ball 2-2: Ball 3-2: Foul Ball, location: 2F 3-2: 3-RUN HOME RUN (Flyball, 9D, EV 98.1 MPH), Distance : 370 ft
|
|
Pitching: RHP Mike Zambrano Jr.
|
|
|
Batting: RHB Issac Konol
|
0-0: Called Strike 0-1: Foul Ball, location: 2F 0-2: Ground out U3 (Groundball, 34S, EV 70.0 MPH)
|
|
Batting: RHB Juan Carrillo
|
0-0: DOUBLE (Line Drive, 78D, EV 100.6 MPH)
|
|
Batting: LHB Mark Cummings
|
0-0: Ball 1-0: Ball 2-0: Ball 3-0: Called Strike 3-1: Base on Balls
|
|
Batting: RHB Carlos Murillo
|
0-0: Ball 1-0: Ball 2-0: Called Strike 2-1: Swinging Strike 2-2: Foul Ball, location: 2F 2-2: Foul Ball, location: 2F 2-2: Strikes out swinging
|
| Bottom of the 8th over - 4 runs, 3 hits, 0 errors, 2 left on base; University of Toronto 3 - UCLA 12 |
| TOP OF THE 9TH |
|
University of Toronto Marlies batting - Pitching for UCLA Bruins : RHP Alex Rosales
|
|
Batting: SHB Jack Tierney
|
0-0: Ball 1-0: Ball 2-0: Called Strike 2-1: Ball 3-1: Foul Ball, location: 2F 3-2: Foul Ball, location: 2F 3-2: Fly out, F7 (Flyball, 78D, EV 93.8 MPH)
|
|
Batting: RHB Logan Johnson
|
0-0: Called Strike 0-1: Called Strike 0-2: Strikes out swinging
|
|
Batting: RHB Jeff McClellan
|
0-0: Ball 1-0: Called Strike 1-1: Swinging Strike 1-2: Foul Ball, location: 2F 1-2: Foul Ball, location: 2F 1-2: Ball 2-2: Ground out U3 (Groundball, 34, EV 105.0 MPH)
|
| Top of the 9th over - 0 runs, 0 hits, 0 errors, 0 left on base; University of Toronto 3 - UCLA 12 |
|